 Dungeon Crawl Stone Soup version 0.28.0-53-g5a82cb258f (webtiles) character file.

Game seed: 1617679208575295820

23518 Eitelfritz the Fencer (level 12, -1/108 HPs)
             Began as a Minotaur Gladiator on Aug 19, 2022.
             Was a High Priest of Okawaru.
             Shot with an arrow by a centaur warrior (2 damage)
             ... on level 13 of the Dungeon.
             The game lasted 00:43:09 (16905 turns).

Eitelfritz the Fencer (Minotaur Gladiator)         Turns: 16905, Time: 00:43:09

Health: -1/108     AC: 28    Str: 23    XL:     12   Next: 72%
Magic:  9/11       EV: 14    Int: 10    God:    Okawaru [*****.]
Gold:   733        SH:  0    Dex: 13    Spells: 11/11 levels left

rFire   + . .      SeeInvis .   a - +3 great sword (protect)
rCold   + . .      Faith    .   (shield currently unavailable)
rNeg    . . .      Spirit   .   y - +5 ring mail of Salvation {rF+ rCorr Str+2}
rPois   +          Reflect  .   c - +2 hat
rElec   .          Harm     .   (no cloak)
rCorr   +          Rampage  .   m - +1 pair of gloves of the Insatiable Olives {rPois rC+ Int+3}
Will    +....                   t - +2 pair of boots
Stlth   +++.......              h - amulet of the acrobat
HPRegen 0.28/turn               w - ring of willpower
MPRegen 0.12/turn               (no ring)

@: heroic, grasped by roots, under a protective aura, constricted
A: horns 2, retaliatory headbutt
a: Renounce Religion, Heroism, Finesse, Duel


You were on level 13 of the Dungeon.
You worshipped Okawaru.
Okawaru was extremely pleased with you.
You visited 2 branches of the dungeon, and saw 14 of its levels.
You also visited: Bailey.

You collected 733 gold pieces.

Inventory:

Hand Weapons
 a - a +3 great sword of protection (weapon)
 b - the +8 storm bow {elec, penet}
   (You found it in a bailey)

   Any ammunition fired from it occasionally discharges a powerful burst of
   electricity upon striking a foe.
   Any ammunition fired by it passes through the targets it hits, potentially
   hitting all targets in its path until it reaches maximum range.
 D - a +0 morningstar
 N - a +1 long sword of protection
Missiles
 d - 4 throwing nets (quivered)
 l - 8 poisoned darts
 q - 226 arrows
 z - 8 curare-tipped darts
Armour
 c - a +2 hat (worn)
 g - a +1 chain mail of fire resistance
 m - the +1 pair of gloves of the Insatiable Olives (worn) {rPois rC+ Int+3}
   (You found it on level 2 of the Dungeon)

   Int:       It affects your intelligence (+3).
   rC:        It protects you from cold.
   rPois:     It protects you from poison.
 t - a +2 pair of boots (worn)
 y - the +5 ring mail of Salvation (worn) {rF+ rCorr Str+2}
   (You found it on level 4 of the Dungeon)

   Str:       It affects your strength (+2).
   rF:        It protects you from fire.
   rCorr:     It protects you from acid and corrosion.
Jewellery
 h - an amulet of the acrobat (around neck)
 n - an amulet of magic regeneration
 w - a ring of willpower (left hand)
 E - a +6 ring of intelligence
Wands
 k - a wand of acid (11)
 o - a wand of iceblast (14)
 s - a wand of polymorph (2)
 x - a wand of flame (24)
 J - a wand of digging (6)
 K - a wand of paralysis (10)
Scrolls
 e - 7 scrolls of teleportation
 f - 4 scrolls of immolation
 j - a scroll of blinking
 A - 5 scrolls of fog
 M - 2 scrolls of identify
 O - a scroll of amnesia
 P - a scroll of silence
Potions
 i - a potion of heal wounds
 p - 2 potions of mutation
 r - 4 potions of curing
 u - 5 potions of flight
 v - 5 potions of lignification
 B - a potion of ambrosia
 C - a potion of cancellation {unknown}
 F - a potion of brilliance
 G - 2 potions of attraction
 H - a potion of invisibility
 I - a potion of magic {unknown}
 L - a potion of haste


   Skills:
 + Level 10.9(15.9) Fighting
 + Level 15.6(20.6) Long Blades
 + Level 10.9(15.9) Bows
 + Level 2.1(7.1) Throwing
 + Level 8.9(13.9) Armour
 + Level 8.5(13.5) Dodging
 + Level 3.0(8.0) Stealth
 + Level 0.5(5.5) Unarmed Combat
 + Level 1.2 Invocations
 + Level 1.2 Evocations


You had 11 spell levels left.
You didn't know any spells.
Your spell library contained the following spells:

 Spells                   Type           Power      Damage    Failure   Level
 Pain                     Necr           0%         1d4       45%         1
 Corpse Rot               Necr/Air       0%         N/A       61%         2
 Ensorcelled Hibernation  Hex/Ice        0%         N/A       61%         2
 Passwall                 Tmut/Erth      0%         N/A       61%         2
 Poisonous Vapours        Pois/Air       0%         N/A       61%         2
 Frozen Ramparts          Ice            0%         1d2       83%         3
 Swiftness                Air            0%         N/A       83%         3
 Vampiric Draining        Necr           0%         2d6       83%         3
 Ice Form                 Ice/Tmut       0%         N/A       99%         4
 Animate Skeleton         Necr           Unusable   N/A       N/A         1
 Summon Ice Beast         Ice/Summ       Unusable   N/A       N/A         4

Dungeon Overview and Level Annotations

Branches:
Dungeon (13/15)            Temple (1/1) D:5            Lair (0/6) D:9
    Orc (0/2) D:12         Bailey (visited)
 Vaults: D:13-14

Altars:
Ashenzari
Cheibriados
Dithmenos
Elyvilon
Fedhas
Gozag
Hepliaklqana
Kikubaaqudgha
Makhleb
Nemelex Xobeh
Okawaru
Qazlal
Ru
Sif Muna
Trog
Uskayaw
Vehumet
Wu Jian
Xom
Yredelemnul
Zin
The Shining One
Ignis

Annotations:
D:13 Jorgrun


Innate Abilities, Weirdness & Mutations

You have a pair of horns on your head.
You reflexively headbutt those who attack you in melee.


Message History

Jorgrun casts a spell next to you.
The wall shatters!
The blast of rock fragments hits you!!
* * * LOW HITPOINT WARNING * * *
The centaur warrior shoots an arrow.
The arrow barely misses you.
A centaur comes into view.
The centaur warrior shoots an arrow.
The arrow completely misses you.
Unknown command.
The +8 storm bow {elec, penet} stops crackling.
Your +3 great sword of protection hums with potential!
a - a +3 great sword of protection (weapon)
The centaur warrior shoots an arrow.
The arrow barely misses you. Jorgrun casts a spell at you.
Roots burst forth from the earth!
The grasping roots grab you! The grasping roots constrict you!
* * * LOW HITPOINT WARNING * * *
The roots' grasp on you weakens, but your attempt to escape fails.
The centaur warrior shoots an arrow.
The arrow misses you. The grasping roots constrict you.
* * * LOW HITPOINT WARNING * * *
The centaur warrior shoots an arrow.
The arrow hits you but does no damage.
Unknown command.
You feel much better.
The centaur warrior shoots an arrow.
The arrow hits you.
* * * LOW HITPOINT WARNING * * *
Jorgrun hits you but does no damage. The grasping roots constrict you!
* * * LOW HITPOINT WARNING * * *
You gain the combat prowess of a mighty hero.
The centaur warrior shoots an arrow.
The arrow misses you. Jorgrun misses you. The grasping roots constrict you.
The centaur warrior shoots an arrow.
The arrow barely misses you.
You slice Jorgrun!!
Your weapon exudes an aura of protection.
You headbutt Jorgrun!
Jorgrun is moderately wounded.
Jorgrun hits you with a +0 vorpal quarterstaff.
* * * LOW HITPOINT WARNING * * *
x2 The grasping roots constrict you!
* * * LOW HITPOINT WARNING * * *
The centaur warrior shoots an arrow.
The arrow hits you.
You die...

... #) .(.c......##
#. ....c......# ..
#(.c...... #.#
#(.>.....# ...
#......cc# ...
#...c#.##g###
#)####.......##@.#
#(.......cc.....#
#.....####.......#
#..†..###...##..#.#
#..###..##...##.####
...#####)....##..#
###
#..##....####...##
#.# ##.......# #..#
##.## #...###.#
##.###.<.#


You could see Jorgrun, a centaur warrior and 3 centaurs.

Vanquished Creatures
  Fannar (D:10)
  A hydra (D:11)
  An ogre mage (D:13)
  A boulder beetle (D:12)
  6 two-headed ogres
  A centaur warrior (D:13)
  A tengu warrior (D:13)
  Sonja (D:11)
  3 deep elf pyromancers
  An ugly thing (D:13)
  The ghost of dvd2 the Spear-Bearer, a novice MfGl (D:5)
  A komodo dragon (D:9)
  2 tengu conjurers
  8 trolls
  Prince Ribbit (D:5)
  3 meliai (D:13)
  A shadow (D:7)
  12 yaks
  Eustachio (D:4)
  2 wyverns
  6 redbacks (D:12)
  Menkaure (D:7)
  10 vampire mosquitoes
  An acid dragon (D:9)
  A water moccasin (D:5)
  16 orc warriors
  A sky beast (D:5)
  4 ogres
  5 centaurs
  A phantom (D:5)
  3 kobold brigands
  A scorpion (D:6)
  Blork the orc (D:6)
  2 bullfrogs
  3 gnoll sergeants
  A water moccasin zombie (D:5)
  A water moccasin skeleton (D:5)
  8 killer bees
  3 electric eels (D:10)
  12 wights
  3 centaur zombies
  A crimson imp (D:3)
  5 hounds
  3 jellies
  A centaur skeleton (D:7)
  7 orc priests
  2 bullfrog skeletons (D:5)
  2 gnoll shamans
  Ijyb (D:3)
  3 iguanas (D:5)
  A scorpion zombie (D:5)
  12 orc wizards
  A hound skeleton (D:5)
  2 howler monkey zombies (D:9)
  A howler monkey skeleton (D:5)
  Robin (D:3)
  23 gnolls
  9 adders
  2 white imps
  2 ufetubi
  A worm (D:3)
  3 dart slugs
  51 orcs
  6 ball pythons
  2 bats (D:3)
  10 endoplasms
  A giant cockroach (D:1)
  21 goblins
  6 hobgoblins
  16 kobolds
  5 quokkas
  2 frilled lizards
  4 rats
  A spectral orc (D:6)
341 creatures vanquished.

Vanquished Creatures (others)
  7 plants (D:9)
7 creatures vanquished.

Grand Total: 348 creatures vanquished

Notes
Turn   | Place    | Note
-------+----------+-------------------------------------------
     0 | D:1      | Eitelfritz the Minotaur Gladiator began the quest for the
                  | Orb.
     0 | D:1      | Reached XP level 1. HP: 18/18 MP: 0/0
     6 | D:1      | Noticed a water moccasin
     6 | D:1      | Noticed a wyvern
     7 | D:1      | Noticed a black bear
   177 | D:1      | Found a faded altar of an unknown god.
   311 | D:1      | Reached XP level 2. HP: 10/25 MP: 1/1
   633 | D:1      | Reached skill level 4 in Long Blades
  1298 | D:2      | Reached XP level 3. HP: 26/30 MP: 2/2
  1347 | D:2      | Identified the +1 pair of gloves of the Insatiable Olives
                  | {rPois rC+ Int+3}
  1429 | D:2      | Reached skill level 1 in Armour
  2075 | D:2      | Reached XP level 4. HP: 34/38 MP: 3/3
  2476 | D:3      | Noticed Robin
  2712 | D:3      | Killed Robin
  2713 | D:3      | Reached skill level 5 in Long Blades
  2971 | D:3      | Noticed Ijyb
  2984 | D:3      | Killed Ijyb
  3206 | D:3      | Reached XP level 5. HP: 39/45 MP: 4/4
  3403 | D:3      | Found a burning altar of Makhleb.
  3404 | D:3      | Found a radiant altar of Vehumet.
  3521 | D:3      | Found a sparkling altar of Nemelex Xobeh.
  3521 | D:3      | Found a hide-covered altar of Uskayaw.
  3600 | D:3      | Found a glowing silver altar of Zin.
  3896 | D:4      | Reached skill level 6 in Long Blades
  3915 | D:4      | Found an opulent altar of Gozag.
  4090 | D:4      | Noticed an ogre
  4095 | D:4      | Killed an ogre
  4096 | D:4      | Reached XP level 6. HP: 51/51 MP: 5/5
  4097 | D:4      | Noticed Eustachio
  4115 | D:4      | Killed Eustachio
  4595 | D:4      | Identified the +5 ring mail of Salvation {rF+ rCorr Str+2}
  4957 | D:5      | Entered Level 5 of the Dungeon
  4999 | D:5      | Noticed Prince Ribbit
  5006 | D:5      | Reached skill level 7 in Long Blades
  5007 | D:5      | Reached XP level 7. HP: 54/59 MP: 6/6
  5039 | D:5      | Reached skill level 5 in Fighting
  5050 | D:5      | Killed Prince Ribbit
  5051 | D:5      | Reached skill level 5 in Dodging
  5159 | D:5      | Found a staircase to the Ecumenical Temple.
  5399 | D:5      | Reached XP level 8. HP: 65/69 MP: 7/7
  5450 | D:5      | Reached skill level 8 in Long Blades
  5499 | D:5      | Reached skill level 5 in Armour
  5499 | D:5      | Reached skill level 1 in Evocations
  5506 | D:5      | Found an iron altar of Okawaru.
  5934 | D:5      | Found a transporter.
  5937 | D:5      | Noticed dvd2's ghost (novice MfGl)
  6264 | D:5      | Became a worshipper of Warmaster Okawaru
  6302 | D:5      | Found a transporter.
  6328 | D:5      | Killed dvd2's ghost
  6329 | D:5      | Reached skill level 9 in Long Blades
  6345 | D:5      | Reached XP level 9. HP: 66/75 MP: 8/8
  6482 | Temple   | Entered the Ecumenical Temple
  6604 | D:6      | Noticed a troll
  6617 | D:6      | Killed a troll
  6617 | D:6      | Reached * piety under Okawaru
  6618 | D:6      | Reached skill level 10 in Long Blades
  7203 | D:6      | Noticed Blork the orc
  7224 | D:6      | Reached skill level 1 in Bows
  7247 | D:6      | Reached skill level 1 in Stealth
  7249 | D:6      | Reached skill level 11 in Long Blades
  7433 | D:6      | Found a basalt altar of Yredelemnul.
  7552 | D:6      | Found a large runed translucent door.
  7552 | D:6      | Found a large runed translucent door.
  7553 | D:6      | Found a shimmering altar of Xom.
  7792 | D:6      | Killed Blork the orc
  8011 | D:7      | Reached ** piety under Okawaru
  8073 | D:7      | Noticed Menkaure
  8084 | D:7      | Killed Menkaure
  8154 | D:7      | Reached XP level 10. HP: 40/86 MP: 9/9
  8219 | D:7      | Reached skill level 12 in Long Blades
  8255 | D:7      | Found a flagged portal.
  8269 | Bailey   | Entered a bailey
 10507 | Bailey   | Found the +8 storm bow {elec, penet}
 10512 | Bailey   | Noticed an orc knight
 10512 | Bailey   | Noticed an orc knight
 11011 | D:7      | Reached skill level 5 in Bows
 11431 | D:8      | Reached *** piety under Okawaru
 12788 | D:9      | Found a staircase to the Lair.
 12806 | D:9      | Reached **** piety under Okawaru
 12807 | D:9      | Reached XP level 11. HP: 95/95 MP: 10/10
 12974 | D:9      | Found a glowing golden altar of the Shining One.
 13015 | D:10     | Entered Level 10 of the Dungeon
 13419 | D:10     | Noticed a two-headed ogre
 13423 | D:10     | Killed a two-headed ogre
 13555 | D:10     | Noticed Fannar
 13564 | D:10     | Killed Fannar
 13564 | D:10     | Received a gift from Okawaru
 13852 | D:10     | Noticed a two-headed ogre
 13867 | D:10     | Killed a two-headed ogre
 13993 | D:10     | Noticed a deep elf pyromancer
 14001 | D:10     | Killed a deep elf pyromancer
 14002 | D:10     | Reached skill level 13 in Long Blades
 14004 | D:10     | Found a shimmering blue altar of Sif Muna.
 14223 | D:11     | Reached ***** piety under Okawaru
 14316 | D:11     | Noticed a seven-headed hydra
 14326 | D:11     | Killed a seven-headed hydra
 14333 | D:11     | Noticed a two-headed ogre
 14334 | D:11     | Received a gift from Okawaru
 14341 | D:11     | Killed a two-headed ogre
 14486 | D:11     | Noticed a two-headed ogre
 14489 | D:11     | Killed a two-headed ogre
 14489 | D:11     | Received a gift from Okawaru
 14490 | D:11     | Reached skill level 1 in Invocations
 14607 | D:11     | Noticed Sonja
 14615 | D:11     | Killed Sonja
 14616 | D:11     | Reached skill level 10 in Fighting
 14616 | D:11     | Reached skill level 14 in Long Blades
 15268 | D:12     | Reached XP level 12. HP: 98/106 MP: 11/11
 15341 | D:12     | Reached skill level 10 in Bows
 15363 | D:12     | Noticed a boulder beetle
 15373 | D:12     | Killed a boulder beetle
 15373 | D:12     | Received a gift from Okawaru
 15536 | D:12     | Found a staircase to the Orcish Mines.
 15546 | D:12     | Received a gift from Okawaru
 15873 | D:12     | Received a gift from Okawaru
 16539 | D:13     | Noticed a tengu warrior
 16560 | D:13     | Killed a tengu warrior
 16561 | D:13     | Reached skill level 15 in Long Blades
 16730 | D:13     | Noticed a boulder beetle
 16844 | D:13     | Noticed a centaur warrior
 16846 | D:13     | Noticed a two-headed ogre
 16849 | D:13     | Killed a centaur warrior
 16849 | D:13     | Received a gift from Okawaru
 16852 | D:13     | Noticed an ogre mage
 16854 | D:13     | Killed a two-headed ogre
 16883 | D:13     | Killed an ogre mage
 16887 | D:13     | Noticed a two-headed ogre
 16891 | D:13     | Noticed a centaur warrior
 16893 | D:13     | Killed a two-headed ogre
 16893 | D:13     | Noticed Jorgrun
 16905 | D:13     | HP: 1/108 [constriction (15)]
 16905 | D:13     | Shot with an arrow by a centaur warrior

Illustrated notes

Levels and vault maps discovered:
D:1:      onia_arrival_zoo_common, layout_basic,
          ebering_ecumenical_altar_sacrificial, nrook_mini_vaults
D:2:      layout_basic
D:3:      layout_loops_corners, grunt_temple_overflow_lords_of_destruction,
          marbit_many_paths, gammafunk_temple_overflow_elements, minivault_24,
          minmay_misc_feat_enclosed, minmay_curled_crystal,
          lightli_corner_chamber, uniq_ijyb, uniq_robin
D:4:      layout_loops_cross, grunt_gozag_breadcrumbs, uniq_eustachio
D:5:      layout_loops_corners, mainiacjoe_overflow_paths,
          minmay_temple_entry_slanted, gammafunk_ghost_mausoleum,
          uniq_prince_ribbit1
D:6:      due_chaos_kobolds, layout_basic, yredelemnul_forgotten_temple_becter,
          kennysheep_generic_room_14, uniq_blork_the_orc
D:7:      layout_basic, enter_bailey_5, uniq_menkaure
D:8:      layout_loops_corners
D:9:      layout_roguey, tso_altar, david_lair_shrubbed,
          minmay_fractal_squares_5
D:10:     layout_loops_corners, nicolae_sif_muna_condensation,
          minmay_crystal_room, fountainhead, statue_in_the_mist_lemuel,
          minivault_21, minivault_14, uniq_fannar
D:11:     layout_irregular_city, serial_column_ruins, column_ruins_hut_pillars,
          column_ruins_hut, column_ruins_grid_1, column_ruins_grid_2,
          column_ruins_columns_water, column_ruins_grid_1, column_ruins_grid_3,
          uniq_sonja
D:12:     layout_roguey, orc_0_dummy, drop_trap
D:13:     layout_layer_cave, david_vaults_2, nicolae_shop_overcharged_wands,
          uniq_jorgrun
Temple:   pdpol_scorched_temple

Skill      XL: |  1  2  3  4  5  6  7  8  9 10 11 12 |
---------------+-------------------------------------+-----
Long Blades    | 4 5 6 7 9 11 12 14 15 | 15.6
Armour         | 1 2 3 4 5 6 7 8 |  8.9
Fighting       | 3 4 5 6 7 8 10 | 10.9
Dodging        | 4 5 6 7 8 |  8.5
Evocations     | 1 |  1.2
Bows           | 2 7 9 10 | 10.9
Stealth        | 1 2 3 |  3.0
Invocations    | 1 |  1.2
Throwing       | |  2.1
Unarmed Combat | |  0.5

Action                   |  1- 3 |  4- 6 |  7- 9 | 10-12 || total
-------------------------+-------+-------+-------+-------++-------
Melee: Long sword        |    81 |   129 |   274 |   122 ||   606
       Headbutt          |     8 |    14 |    48 |    50 ||   120
       Punch             |     2 |       |     6 |     3 ||    11
       Unarmed           |       |     4 |       |       ||     4
       Great sword       |       |       |       |   156 ||   156
 Fire: Shortbow          |       |       |    21 |    58 ||    79
       Longbow           |       |       |       |   159 ||   159
Invok: Heroism           |       |       |     1 |     5 ||     6
       Finesse           |       |       |       |     1 ||     1
Evoke: Wand              |       |     5 |     3 |       ||     8
  Use: Scroll            |       |    11 |     5 |    12 ||    28
       Potion            |       |       |     1 |     6 ||     7
 Stab: Invisible         |       |       |     2 |       ||     2
Armor: Leather armour    |    15 |       |       |       ||    15
       Ring mail         |    15 |    62 |   141 |   213 ||   431
Dodge: Dodged            |    54 |    89 |   195 |   330 ||   668
